 Dungeon Crawl Stone Soup version 0.28.0-45-g0d030f2227 (webtiles) character file.

Game seed: 14999694067092931478

212 zeratav the Insei (level 5, -9/34 HPs)
             Began as an Octopode Transmuter on Apr 3, 2022.
             Killed from afar by an orc wizard (11 damage)
             ... with a puff of flame
             ... on level 4 of the Dungeon.
             The game lasted 00:13:40 (4658 turns).

zeratav the Insei (Octopode Transmuter)             Turns: 4658, Time: 00:13:41

Health: -9/34      AC:  2    Str:  9    XL:     5   Next: 89%
Magic:  4/9        EV: 19    Int: 24    God:
Gold:   13         SH:  0    Dex: 17    Spells: 5/10 levels left

rFire   . . .      SeeInvis .     - Unarmed
rCold   . . .      Faith    .   (shield currently unavailable)
rNeg    + . .      Spirit   .   (helmet currently unavailable)
rPois   x          Reflect  .   (no amulet)
rElec   .          Harm     .   i - +6 ring of intelligence
rCorr   .          Rampage  .   n - ring of positive energy
Will    .....                   (no ring)
Stlth   ++........              (no ring)
HPRegen 0.11/turn               (no ring)
MPRegen 0.11/turn               (no ring)
                                (no ring)
                                (no ring)

@: spider-form
A: venomous fangs, almost no armour, (amphibious), 8 rings, tiny, (camouflage
1), (gelatinous body 1), (nimble swimmer 1), (tentacles)
a: End Transformation


You were on level 4 of the Dungeon.
You were a venomous arachnid creature.
You visited 1 branch of the dungeon, and saw 4 of its levels.

You collected 139 gold pieces.
You spent 126 gold pieces at shops.

Inventory:

Hand Weapons
 f - a +0 hunting sling
 t - a +0 hunting sling
Missiles
 g - 72 stones
Jewellery
 i - a +6 ring of intelligence (left front leg)
 n - a ring of positive energy (right front leg)
Wands
 m - a wand of flame (21)
 p - a wand of acid (3)
Scrolls
 b - a scroll of magic mapping {unknown}
 e - 2 scrolls of teleportation {unknown}
 j - 7 scrolls of identify {unknown}
 k - a scroll of enchant weapon {unknown}
 o - a scroll of blinking {unknown}
 r - a scroll of vulnerability {unknown}
 s - a scroll of fog {unknown}
Potions
 a - a potion of ambrosia {unknown}
 c - 2 potions of curing {unknown}
 d - a potion of flight {unknown}
 h - a potion of heal wounds {unknown}
 l - a potion of resistance {unknown}
 q - a potion of lignification {unknown}


   Skills:
 * Level 2.3 Fighting
 + Level 2.3 Dodging
 - Level 1.1 Stealth
 * Level 3.9 Unarmed Combat
 + Level 3.1 Spellcasting
 + Level 2.5 Transmutations
 + Level 0.9 Earth Magic
 * Level 1.9 Poison Magic


You had 5 spell levels left.
You knew the following spells:

 Your Spells              Type           Power      Damage    Failure   Level
a - Beastly Appendage     Tmut           32%        N/A       12%         1
b - Sandblast             Erth           16%        2d6       21%         1
c - Spider Form           Tmut/Pois      14%        N/A       30%         3

Your spell library contained the following spells:

 Spells                   Type           Power      Damage    Failure   Level
 Wereblood                Tmut           16%        N/A       16%         2
 Passwall                 Tmut/Erth      10%        N/A       21%         2
 Stone Arrow              Conj/Erth      12%        3d7       47%         3
 Ice Form                 Ice/Tmut       10%        N/A       73%         4


Dungeon Overview and Level Annotations

Branches:
Dungeon (4/15)
 Temple: D:4-7

Altars:
Elyvilon
Qazlal

Shops:
D:2 [!(:*


Innate Abilities, Weirdness & Mutations

You are a venomous arachnid creature.
You have poisonous fangs.
You are tiny and dextrous.
Your spellcasting is less reliable in this form.
Your armour is entirely melded.
You are incapable of wielding weapons or throwing items.
You cannot wear most types of armour.
((You are amphibious.))
You can wear up to eight rings at the same time.
((Your skin changes colour to match your surroundings (Stealth+).))
((Your rubbery body absorbs attacks. (AC +1, EV +1)))
((You are camouflaged when in or above water. (Stealth+)))
((You have tentacles for arms and can constrict up to eight enemies at once.))


Message History

You are confused.
You bump into the rock wall.
The orc completely misses you. Something hits you.
The orc hits you with a +0 club. The orc hits you with a +0 club.
You're too confused to move!
The orc misses you.
You hear some strange, mumbled words.
A magic dart appears from out of thin air!
The magic dart hits you!
You're too confused to move!
You feel less confused. The hobgoblin completely misses you.
The orc completely misses you. Something hits you.
You hit the orc.
The orc is poisoned.
The orc is heavily wounded.
Your transformation has ended.
The hobgoblin hits you.
A kobold comes into view. It is wielding a +0 club.
The orc misses you.
Casting: Spider Form (quite dangerous; 13% risk of failure)
Confirm with . or Enter, or press ? or * to list all spells.
The spell is quite dangerous to miscast (13% risk of failure)!
Continue anyway?
You turn into a venomous arachnid creature.
You kill the orc!
Something hits you. The hobgoblin closely misses you.
You barely miss the hobgoblin. Something hits you but does no damage.
The hobgoblin closely misses you.
You completely miss the hobgoblin. Something hits you.
The hobgoblin misses you. Something hits you.
* * * LOW HITPOINT WARNING * * *
You hit the hobgoblin.
The hobgoblin is poisoned.
The hobgoblin is heavily wounded.
You hear some strange, mumbled words.
A magic dart appears from out of thin air!
The magic dart hits you!
* * * LOW HITPOINT WARNING * * *
The hobgoblin completely misses you.
You hear some strange, mumbled words.
A puff of flame appears from out of thin air!
The puff of flame hits you!
You die...

.. . .?. ......
.#.. ......
...########......
#.?.......$.....
#......{......#
###.....sg.K...#
.......{).#)...#
###......#.....##
..................
........<#########
........##
.....#### .....
#....


You could see a hobgoblin (very poisoned) and a kobold.

Vanquished Creatures
  A centaur zombie (D:3)
  Ijyb (D:3)
  Natasha (twice) (D:2)
  3 adders
  3 worms (D:2)
  A dart slug (D:3)
  2 orcs
  11 ball pythons
  6 bats
  4 endoplasms
  5 giant cockroaches
  5 goblins
  5 hobgoblins
  3 quokkas
  3 frilled lizards
  8 kobolds
  5 rats
68 creatures vanquished.

Notes
Turn   | Place    | Note
-------+----------+-------------------------------------------
     0 | D:1      | zeratav the Octopode Transmuter began the quest for the
                  | Orb.
     0 | D:1      | Reached XP level 1. HP: 13/13 MP: 3/3
   520 | D:1      | Reached XP level 2. HP: 16/18 MP: 3/5
  1139 | D:1      | Learned a level 1 spell: Sandblast
  1255 | D:1      | Reached skill level 1 in Stealth
  1255 | D:1      | Reached XP level 3. HP: 23/23 MP: 6/6
  1854 | D:2      | Found Muujo's Distillery.
  1937 | D:2      | Found a faded altar of an unknown god.
  1948 | D:2      | Reached skill level 1 in Poison Magic
  2070 | D:2      | Found Badays's Book Shop.
  2072 | D:2      | Noticed Natasha
  2081 | D:2      | Killed Natasha
  2082 | D:2      | Reached XP level 4. HP: 16/29 MP: 4/7
  2237 | D:2      | Found a stormy altar of Qazlal.
  2496 | D:2      | Found Fin Cuan's Assorted Antiques.
  2501 | D:2      | Bought a short gold wand for 76 gold pieces
  2580 | D:2      | Found Olozxa's Armour Boutique.
  2581 | D:2      | Noticed Natasha
  2592 | D:2      | Killed Natasha
  3233 | D:2      | Learned a level 3 spell: Spider Form
  3291 | D:2      | Found Nirha's Weapon Emporium.
  3295 | D:2      | Identified the +0 plate armour of Nemelex Xobeh {rF+ rCorr
                  | Str-5}
  3302 | D:2      | Bought 21 stones for 29 gold pieces
  3302 | D:2      | Bought 15 stones for 21 gold pieces
  3338 | D:3      | Reached XP level 5. HP: 30/34 MP: 3/9
  3541 | D:3      | Noticed Ijyb
  3557 | D:3      | Killed Ijyb
  4059 | D:3      | Found a white marble altar of Elyvilon.
  4658 | D:4      | Killed from afar by an orc wizard

Illustrated notes

Levels and vault maps discovered:
D:1:      scummos_arrival_forest, layout_basic
D:2:      layout_basic, shapermc_ecumenical_altar_mp_highgroup, basic_altar,
          serial_shops, shop, nicolae_shop_bloodbath_and_beyond, shop, shop,
          nicolae_shop_competitors_out_of_business, minmay_misc_feat_rows,
          uniq_natasha
D:3:      layout_basic, mainiacjoe_overflow_surrounded_room, uniq_ijyb
D:4:      layout_rooms, minmay_temple_entry_steel_oval, serial_shops,
          nicolae_shop_crystal, gup_ossuary_entry_pyramid, nrook_loot_triangle

Skill      XL: |  1  2  3  4  5 |
---------------+----------------+-----
Stealth        | 1 |  1.1
Poison Magic   | 1 |  1.9
Fighting       | 2 |  2.3
Spellcasting   | 3 |  3.1
Dodging        | |  2.3
Unarmed Combat | |  3.9
Transmutations | |  2.5
Earth Magic    | |  0.9

Action                   |  1- 3 |  4- 6 || total
-------------------------+-------+-------++-------
Melee: Unarmed           |    61 |    71 ||   132
       Constrict         |    19 |     5 ||    24
       Kick              |    19 |     6 ||    25
       Tentacles         |    11 |     5 ||    16
       Punch             |     1 |       ||     1
 Cast: Beastly Appendage |    25 |    10 ||    35
       Sandblast         |     4 |    24 ||    28
       Spider Form       |       |     8 ||     8
Evoke: Wand              |       |     2 ||     2
 Stab: Sleeping          |     7 |     1 ||     8
Armor: Skin              |     8 |     9 ||    17
Dodge: Dodged            |    33 |    61 ||    94
